[ AOE2 MATCH · #486265015 ]
UnrankedGeorgians vs Burmese
[ REPLAY ANALYSIS · EXTRACTED FROM THE RECORDED GAME ]
Feudal
12:23
Castle
16:05
Imperial
32:51
| APM avg | 38.8 |
| APM peak | 90 |
| eAPM avg | 24.0 |
| Villagers / military | 180 / 75 |
Focus
⚔️ 21.7% · 🌾 78.3%
Cavalry Archer ×72 · Skirmisher ×2 · Monk ×1
Feudal
9:29
Castle
20:26
Imperial
32:20
| APM avg | 47.8 |
| APM peak | 90 |
| eAPM avg | 27.2 |
| Villagers / military | 84 / 167 |
Focus
⚔️ 23.7% · 🌾 76.3%
Spearman ×131 · Militia ×34 · Monk ×1 · Mangonel ×1
Feudal
11:54
Castle
23:08
Imperial
30:46
| APM avg | 20.7 |
| APM peak | 89 |
| eAPM avg | 14.3 |
| Villagers / military | 107 / 35 |
Focus
⚔️ 23.7% · 🌾 76.3%
Battle Elephant ×30 · Bombard Cannon ×5
Feudal
11:38
Castle
15:13
Imperial
27:59
| APM avg | 24.6 |
| APM peak | 58 |
| eAPM avg | 18.7 |
| Villagers / military | 141 / 195 |
Focus
⚔️ 30.7% · 🌾 69.3%
War Elephant ×112 · Spearman ×68 · Bombard Cannon ×14 · Trade Cart ×12 · Monk ×1
Feudal
11:21
Castle
15:04
Imperial
28:56
| APM avg | 41.5 |
| APM peak | 101 |
| eAPM avg | 21.3 |
| Villagers / military | 161 / 383 |
Focus
⚔️ 34.6% · 🌾 65.4%
Spearman ×235 · Conquistador ×132 · Trade Cart ×12 · Bombard Cannon ×7 · Trebuchet (Packed) ×7 · Monk ×2
Feudal
12:03
Castle
16:38
Imperial
26:57
| APM avg | 24.0 |
| APM peak | 68 |
| eAPM avg | 13.4 |
| Villagers / military | 73 / 172 |
Focus
⚔️ 27.6% · 🌾 72.4%
Archer ×166 · Trebuchet (Packed) ×6
Feudal
10:30
Castle
14:04
Imperial
27:32
| APM avg | 39.1 |
| APM peak | 63 |
| eAPM avg | 24.1 |
| Villagers / military | 196 / 152 |
Focus
⚔️ 22.0% · 🌾 78.0%
War Elephant ×144 · Bombard Cannon ×6 · Monk ×2 · Trade Cart ×2
Feudal
12:28
Castle
19:27
Imperial
34:55
| APM avg | 39.1 |
| APM peak | 79 |
| eAPM avg | 19.2 |
| Villagers / military | 148 / 101 |
Focus
⚔️ 20.7% · 🌾 79.3%
Janissary ×84 · Bombard Cannon ×17
Match map
Initial resources + every placement click. Lines = walls · curves = elevation contours. ◆ gold · ⬟ stone · ● berries · ✦ relic · ◌ wall gap
Your base· Open — opponent sealed themselves in
Luis Enrique's base· Open — opponent sealed themselves in
Cicadabubu's base· ✓ Closed at 23:08 · 66t walls · 2 gate(s)
fthkzlty's base· Open — opponent sealed themselves in
xGusZx24's base· ✓ Closed at 15:04 · 0t walls · no gate
QuisalanElevas's base· Open — opponent sealed themselves in
Heisenberg's base· ✓ Closed at 14:04 · 0t walls · no gate
raw0000's base· ✓ Closed at 19:27 · 32t walls · no gate
Smoothed initial terrain · ◌ = detected wall gap · hover for details
Inputs per minute
— its big brain time - - Luis Enrique
Build order — its big brain time
First 150 of 418 actions detected
| 0:01 | Queue | Villager (Male) |
| 0:01 | Queue | Villager (Male) |
| 0:02 | Queue | Villager (Male) |
| 0:02 | Queue | Villager (Male) |
| 0:03 | Build | House |
| 0:04 | Build | House |
| 0:26 | Research | Loom |
| 0:32 | Queue | Villager (Male) |
| 0:45 | Queue | Villager (Male) |
| 0:46 | Queue | Villager (Male) |
| 1:17 | Build | Palisade Wall |
| 1:58 | Queue | Villager (Male) |
| 1:58 | Queue | Villager (Male) |
| 2:06 | Build | Palisade Wall |
| 2:38 | Queue | Villager (Male) |
| 2:56 | Queue | Villager (Male) |
| 3:29 | Queue | Villager (Male) |
| 3:39 | Build | Palisade Wall |
| 3:42 | Build | Palisade Wall |
| 3:47 | Queue | Villager (Male) |
| 3:47 | Queue | Villager (Male) |
| 4:21 | Queue | Villager (Male) |
| 4:54 | Queue | Villager (Male) |
| 5:21 | Queue | Villager (Male) |
| 5:21 | Queue | Villager (Male) |
| 5:45 | Queue | Villager (Male) |
| 5:48 | Build | House |
| 6:27 | Queue | Villager (Male) |
| 6:27 | Queue | Villager (Male) |
| 6:27 | Queue | Villager (Male) |
| 7:04 | Queue | Villager (Male) |
| 7:15 | Build | House |
| 7:47 | Build | Mill |
| 7:48 | Queue | Villager (Male) |
| 8:06 | Queue | Villager (Male) |
| 8:48 | Queue | Villager (Male) |
| 9:17 | Queue | Villager (Male) |
| 9:31 | Build | Mill |
| 9:42 | Research | Feudal Age |
| 9:48 | Queue | Villager (Male) |
| 10:02 | Build | Mule Cart |
| 10:12 | Research | Feudal Age |
| 10:12 | Research | Feudal Age |
| 10:38 | Build | House |
| 12:23 | Age | Feudal Age |
| 12:25 | Build | Market |
| 12:26 | Build | Blacksmith |
| 12:29 | Queue | Villager (Male) |
| 12:31 | Queue | Villager (Male) |
| 12:44 | Build | Mule Cart |
| 13:07 | Build | Stone Wall |
| 13:16 | Build | Stone Wall |
| 13:17 | Queue | Villager (Male) |
| 13:25 | Research | Castle Age |
| 13:25 | Research | Castle Age |
| 14:12 | Queue | Villager (Male) |
| 14:26 | Queue | Villager (Male) |
| 14:34 | Build | House |
| 15:36 | Research | Double-Bit Axe |
| 15:36 | Research | Double-Bit Axe |
| 16:05 | Age | Castle Age |
| 16:09 | Build | Town Center |
| 16:11 | Queue | Villager (Male) |
| 16:21 | Build | Town Center |
| 16:24 | Queue | Villager (Male) |
| 16:31 | Queue | Villager (Male) |
| 16:46 | Research | Bow Saw |
| 16:47 | Research | Bow Saw |
| 16:47 | Queue | Villager (Male) |
| 17:01 | Build | Farm |
| 17:15 | Build | Farm |
| 17:36 | Build | Farm |
| 17:43 | Queue | Villager (Male) |
| 17:43 | Queue | Villager (Male) |
| 17:46 | Build | Farm |
| 18:00 | Build | Farm |
| 18:02 | Queue | Villager (Male) |
| 18:04 | Queue | Villager (Male) |
| 18:05 | Queue | Villager (Male) |
| 18:06 | Build | Farm |
| 18:12 | Queue | Villager (Male) |
| 18:14 | Build | Farm |
| 18:20 | Build | Farm |
| 18:21 | Queue | Villager (Male) |
| 18:33 | Queue | Villager (Male) |
| 18:33 | Queue | Villager (Male) |
| 18:38 | Build | Farm |
| 18:42 | Build | Farm |
| 18:57 | Build | Farm |
| 19:01 | Build | Farm |
| 19:02 | Queue | Villager (Male) |
| 19:02 | Queue | Villager (Male) |
| 19:07 | Build | Farm |
| 19:15 | Queue | Villager (Male) |
| 19:17 | Build | Farm |
| 19:22 | Build | Farm |
| 19:26 | Build | Farm |
| 19:37 | Queue | Villager (Male) |
| 19:37 | Queue | Villager (Male) |
| 19:45 | Queue | Villager (Male) |
| 19:46 | Queue | Villager (Male) |
| 19:48 | Build | Farm |
| 19:59 | Build | Stone Wall |
| 20:02 | Build | Stone Wall |
| 20:10 | Build | Stone Wall |
| 20:12 | Build | Stone Wall |
| 20:16 | Build | Stone Wall |
| 20:17 | Build | Stone Wall |
| 20:18 | Queue | Villager (Male) |
| 20:18 | Queue | Villager (Male) |
| 20:19 | Queue | Villager (Male) |
| 20:19 | Queue | Villager (Male) |
| 20:25 | Build | Farm |
| 20:31 | Build | Monastery |
| 20:32 | Queue | Villager (Male) |
| 20:37 | Build | Farm |
| 20:50 | Build | Monastery |
| 20:52 | Queue | Villager (Male) |
| 20:56 | Build | House |
| 20:59 | Build | House |
| 21:10 | Queue | Villager (Male) |
| 21:14 | Build | Farm |
| 21:16 | Build | Farm |
| 21:18 | Queue | Monk |
| 21:22 | Queue | Villager (Male) |
| 21:27 | Queue | Villager (Male) |
| 21:29 | Queue | Villager (Male) |
| 21:29 | Queue | Villager (Male) |
| 21:36 | Build | Monastery |
| 21:39 | Queue | Villager (Male) |
| 21:43 | Queue | Villager (Male) |
| 21:43 | Queue | Villager (Male) |
| 21:47 | Queue | Villager (Male) |
| 21:47 | Queue | Villager (Male) |
| 21:51 | Build | Farm |
| 21:53 | Build | Farm |
| 22:06 | Build | Barracks |
| 22:07 | Queue | Villager (Male) |
| 22:20 | Build | Stone Wall |
| 22:25 | Queue | Villager (Male) |
| 22:31 | Queue | Villager (Male) |
| 22:35 | Build | Farm |
| 22:39 | Build | House |
| 22:40 | Build | House |
| 22:41 | Build | House |
| 22:44 | Build | House |
| 22:45 | Build | House |
| 22:46 | Build | House |
| 22:47 | Queue | Villager (Male) |
| 22:53 | Build | Farm |
Build order — Luis Enrique
First 150 of 349 actions detected
| 0:04 | Research | Loom |
| 0:04 | Queue | Villager (Male) |
| 0:05 | Queue | Villager (Male) |
| 0:05 | Queue | Villager (Male) |
| 0:06 | Build | House |
| 0:08 | Build | House |
| 0:33 | Queue | Villager (Male) |
| 1:29 | Queue | Villager (Male) |
| 1:29 | Queue | Villager (Male) |
| 1:50 | Build | Lumber Camp |
| 2:04 | Queue | Villager (Male) |
| 2:18 | Queue | Villager (Male) |
| 2:54 | Queue | Villager (Male) |
| 3:04 | Build | House |
| 3:05 | Build | House |
| 3:11 | Queue | Villager (Male) |
| 3:34 | Queue | Villager (Male) |
| 3:59 | Queue | Villager (Male) |
| 4:32 | Queue | Villager (Male) |
| 5:01 | Queue | Villager (Male) |
| 5:12 | Build | Mining Camp |
| 5:20 | Queue | Villager (Male) |
| 5:40 | Queue | Villager (Male) |
| 6:11 | Queue | Villager (Male) |
| 6:38 | Queue | Villager (Male) |
| 7:19 | Research | Feudal Age |
| 7:48 | Queue | Villager (Male) |
| 8:14 | Build | Barracks |
| 8:32 | Queue | Villager (Male) |
| 8:41 | Build | House |
| 9:14 | Build | House |
| 9:17 | Queue | Villager (Male) |
| 9:29 | Age | Feudal Age |
| 9:29 | Queue | Villager (Male) |
| 9:33 | Queue | Militia |
| 9:34 | Queue | Militia |
| 9:37 | Queue | Militia |
| 9:48 | Build | Watch Tower |
| 9:57 | Queue | Militia |
| 9:57 | Queue | Militia |
| 9:59 | Queue | Villager (Male) |
| 10:35 | Queue | Villager (Male) |
| 10:37 | Build | House |
| 10:38 | Build | House |
| 10:44 | Queue | Militia |
| 10:45 | Queue | Militia |
| 10:50 | Build | House |
| 11:08 | Build | Watch Tower |
| 11:15 | Build | House |
| 11:24 | Build | Mill |
| 11:25 | Queue | Villager (Male) |
| 11:25 | Queue | Villager (Male) |
| 11:25 | Queue | Villager (Male) |
| 11:33 | Build | House |
| 11:37 | Research | Man-at-Arms (upgrade) |
| 11:56 | Research | Double-Bit Axe |
| 12:07 | Build | House |
| 12:57 | Build | Barracks |
| 13:18 | Build | Farm |
| 13:19 | Build | Farm |
| 13:25 | Queue | Villager (Male) |
| 13:26 | Queue | Villager (Male) |
| 13:54 | Build | Blacksmith |
| 14:06 | Queue | Villager (Male) |
| 14:29 | Build | Market |
| 14:34 | Research | Wheelbarrow |
| 14:59 | Build | Farm |
| 15:00 | Build | Farm |
| 15:01 | Build | Farm |
| 15:20 | Build | House |
| 15:23 | Build | House |
| 15:30 | Build | Farm |
| 15:34 | Queue | Villager (Male) |
| 15:54 | Queue | Villager (Male) |
| 16:17 | Build | House |
| 16:24 | Build | Farm |
| 17:01 | Build | Farm |
| 17:03 | Queue | Villager (Male) |
| 17:21 | Build | House |
| 17:38 | Build | Farm |
| 17:46 | Research | Castle Age |
| 17:59 | Build | Farm |
| 18:22 | Research | Scale Mail Armor |
| 18:59 | Research | Forging |
| 19:08 | Build | Farm |
| 19:18 | Build | Farm |
| 19:27 | Build | Barracks |
| 19:34 | Research | Gold Mining |
| 19:38 | Build | Farm |
| 19:39 | Build | Farm |
| 19:42 | Build | Farm |
| 20:11 | Build | Farm |
| 20:26 | Age | Castle Age |
| 20:27 | Research | Chain Mail Armor |
| 20:30 | Research | Long Swordsman (upgrade) |
| 20:40 | Queue | Militia |
| 20:40 | Queue | Militia |
| 20:41 | Queue | Militia |
| 20:45 | Build | Mining Camp |
| 20:51 | Queue | Militia |
| 20:51 | Queue | Militia |
| 20:52 | Queue | Militia |
| 20:55 | Build | Farm |
| 20:56 | Build | Farm |
| 21:06 | Queue | Militia |
| 21:06 | Queue | Militia |
| 21:06 | Queue | Militia |
| 21:06 | Queue | Militia |
| 21:18 | Queue | Militia |
| 21:18 | Queue | Militia |
| 21:18 | Queue | Militia |
| 21:27 | Queue | Militia |
| 21:27 | Queue | Militia |
| 21:27 | Queue | Militia |
| 21:34 | Build | Siege Workshop |
| 21:45 | Build | Monastery |
| 21:49 | Queue | Militia |
| 21:50 | Queue | Militia |
| 21:50 | Queue | Militia |
| 21:53 | Queue | Villager (Male) |
| 22:25 | Build | Town Center |
| 22:41 | Queue | Mangonel |
| 22:45 | Queue | Villager (Male) |
| 22:46 | Queue | Villager (Male) |
| 22:56 | Queue | Villager (Male) |
| 23:21 | Queue | Militia |
| 23:22 | Queue | Militia |
| 23:22 | Queue | Militia |
| 23:22 | Queue | Militia |
| 24:10 | Queue | Militia |
| 24:10 | Queue | Militia |
| 24:11 | Queue | Militia |
| 24:11 | Queue | Militia |
| 24:28 | Queue | Villager (Male) |
| 24:28 | Queue | Villager (Male) |
| 24:45 | Queue | Monk |
| 24:47 | Queue | Villager (Male) |
| 24:48 | Queue | Villager (Male) |
| 24:48 | Queue | Villager (Male) |
| 24:55 | Build | Farm |
| 24:58 | Build | Farm |
| 24:59 | Build | Farm |
| 25:10 | Build | House |
| 25:13 | Build | House |
| 25:14 | Queue | Villager (Male) |
| 25:17 | Build | House |
| 25:18 | Build | House |
| 25:22 | Queue | Villager (Male) |
| 25:23 | Queue | Villager (Male) |
| 25:25 | Queue | Villager (Male) |
Build order — Cicadabubu
First 150 of 284 actions detected
| 0:01 | Queue | Villager (Male) |
| 0:01 | Queue | Villager (Male) |
| 0:02 | Build | House |
| 0:04 | Build | House |
| 0:23 | Queue | Villager (Male) |
| 0:23 | Queue | Villager (Male) |
| 1:23 | Build | Palisade Wall |
| 1:40 | Queue | Villager (Male) |
| 1:42 | Research | Loom |
| 2:03 | Build | House |
| 2:21 | Queue | Villager (Male) |
| 2:21 | Queue | Villager (Male) |
| 2:44 | Queue | Villager (Male) |
| 2:44 | Queue | Villager (Male) |
| 3:14 | Queue | Villager (Male) |
| 3:15 | Queue | Villager (Male) |
| 3:35 | Queue | Villager (Male) |
| 3:35 | Queue | Villager (Male) |
| 3:50 | Build | Lumber Camp |
| 4:12 | Queue | Villager (Male) |
| 4:33 | Queue | Villager (Male) |
| 4:33 | Queue | Villager (Male) |
| 5:04 | Queue | Villager (Male) |
| 5:04 | Queue | Villager (Male) |
| 5:31 | Queue | Villager (Male) |
| 5:31 | Queue | Villager (Male) |
| 5:44 | Queue | Villager (Male) |
| 5:44 | Queue | Villager (Male) |
| 6:04 | Build | Mill |
| 6:24 | Build | House |
| 7:07 | Queue | Villager (Male) |
| 7:07 | Queue | Villager (Male) |
| 7:45 | Queue | Villager (Male) |
| 7:45 | Queue | Villager (Male) |
| 8:00 | Queue | Villager (Male) |
| 8:23 | Queue | Villager (Male) |
| 8:23 | Queue | Villager (Male) |
| 8:34 | Queue | Villager (Male) |
| 8:41 | Build | Mining Camp |
| 9:08 | Build | Mill |
| 9:27 | Build | Palisade Wall |
| 9:29 | Build | Palisade Wall |
| 9:37 | Build | Palisade Wall |
| 9:40 | Build | Palisade Wall |
| 9:44 | Research | Feudal Age |
| 9:45 | Research | Feudal Age |
| 9:52 | Build | Barracks |
| 10:15 | Build | Palisade Wall |
| 10:23 | Build | House |
| 10:29 | Build | Palisade Wall |
| 11:05 | Build | Palisade Wall |
| 11:26 | Build | Palisade Wall |
| 11:54 | Age | Feudal Age |
| 11:57 | Build | Stone Wall |
| 12:09 | Queue | Villager (Male) |
| 12:09 | Queue | Villager (Male) |
| 12:18 | Build | Watch Tower |
| 12:28 | Build | House |
| 12:34 | Queue | Villager (Male) |
| 13:01 | Queue | Villager (Male) |
| 13:19 | Queue | Villager (Male) |
| 13:32 | Build | Lumber Camp |
| 13:42 | Build | Farm |
| 13:48 | Build | Farm |
| 13:57 | Queue | Villager (Male) |
| 14:30 | Queue | Villager (Male) |
| 14:41 | Build | Gate |
| 14:50 | Queue | Villager (Male) |
| 15:07 | Build | Farm |
| 15:07 | Build | Farm |
| 15:09 | Build | Farm |
| 15:12 | Queue | Villager (Male) |
| 15:34 | Build | Farm |
| 15:36 | Queue | Villager (Male) |
| 15:55 | Queue | Villager (Male) |
| 16:04 | Build | Watch Tower |
| 16:19 | Build | Farm |
| 16:20 | Build | Farm |
| 16:24 | Research | Wheelbarrow |
| 16:26 | Build | House |
| 16:49 | Build | Farm |
| 16:51 | Build | Farm |
| 16:56 | Queue | Villager (Male) |
| 17:15 | Queue | Villager (Male) |
| 17:26 | Build | Farm |
| 17:35 | Queue | Villager (Male) |
| 17:45 | Build | Blacksmith |
| 18:19 | Build | Market |
| 18:30 | Queue | Villager (Male) |
| 18:30 | Build | Farm |
| 18:32 | Build | Farm |
| 18:41 | Build | Watch Tower |
| 18:46 | Build | Gate |
| 18:52 | Queue | Villager (Male) |
| 18:58 | Build | House |
| 18:59 | Build | House |
| 18:59 | Build | House |
| 18:59 | Build | House |
| 19:14 | Build | Mining Camp |
| 19:17 | Research | Town Watch |
| 20:07 | Build | Stone Wall |
| 20:10 | Build | Stone Wall |
| 20:26 | Queue | Villager (Male) |
| 20:28 | Research | Castle Age |
| 20:29 | Research | Castle Age |
| 20:48 | Build | Stone Wall |
| 20:55 | Build | Watch Tower |
| 21:09 | Build | House |
| 21:10 | Build | House |
| 21:16 | Research | Horse Collar |
| 21:40 | Research | Fletching |
| 21:40 | Research | Fletching |
| 23:08 | Age | Castle Age |
| 23:16 | Build | Castle |
| 23:19 | Queue | Villager (Male) |
| 23:20 | Queue | Villager (Male) |
| 23:42 | Build | University |
| 24:01 | Research | Bodkin Arrow |
| 24:03 | Queue | Villager (Male) |
| 24:11 | Build | Stone Wall |
| 24:13 | Build | Stone Wall |
| 24:24 | Queue | Villager (Male) |
| 24:30 | Build | Farm |
| 24:35 | Build | Farm |
| 24:36 | Build | Farm |
| 24:37 | Build | Farm |
| 24:40 | Queue | Villager (Male) |
| 24:55 | Build | Farm |
| 25:03 | Build | Farm |
| 25:06 | Build | Farm |
| 25:08 | Build | Farm |
| 25:12 | Build | Farm |
| 25:15 | Build | Farm |
| 25:18 | Queue | Villager (Male) |
| 25:29 | Queue | Villager (Male) |
| 26:06 | Queue | Villager (Male) |
| 26:24 | Queue | Villager (Male) |
| 26:41 | Queue | Villager (Male) |
| 26:46 | Build | Mining Camp |
| 26:48 | Queue | Villager (Male) |
| 26:56 | Queue | Villager (Male) |
| 27:36 | Research | Imperial Age |
| 28:22 | Build | Town Center |
| 28:56 | Research | Manipur Cavalry |
| 29:04 | Build | Farm |
| 29:16 | Queue | Villager (Male) |
| 29:17 | Queue | Villager (Male) |
| 29:17 | Queue | Villager (Male) |
| 29:18 | Queue | Villager (Male) |
| 29:21 | Build | Farm |
Build order — fthkzlty
First 150 of 484 actions detected
| 0:01 | Queue | Villager (Male) |
| 0:01 | Queue | Villager (Male) |
| 0:01 | Queue | Villager (Male) |
| 0:02 | Build | House |
| 0:03 | Build | House |
| 0:43 | Queue | Villager (Male) |
| 0:43 | Queue | Villager (Male) |
| 0:43 | Queue | Villager (Male) |
| 1:25 | Queue | Villager (Male) |
| 1:25 | Queue | Villager (Male) |
| 1:58 | Queue | Villager (Male) |
| 1:58 | Queue | Villager (Male) |
| 2:03 | Build | Lumber Camp |
| 2:12 | Queue | Villager (Male) |
| 2:13 | Queue | Villager (Male) |
| 3:05 | Queue | Villager (Male) |
| 3:06 | Queue | Villager (Male) |
| 3:06 | Queue | Villager (Male) |
| 3:38 | Build | House |
| 3:39 | Build | House |
| 3:52 | Queue | Villager (Male) |
| 3:53 | Queue | Villager (Male) |
| 3:53 | Queue | Villager (Male) |
| 4:30 | Build | Mill |
| 4:40 | Queue | Villager (Male) |
| 4:40 | Queue | Villager (Male) |
| 5:06 | Queue | Villager (Male) |
| 5:07 | Queue | Villager (Male) |
| 5:07 | Queue | Villager (Male) |
| 5:34 | Research | Loom |
| 5:57 | Queue | Villager (Male) |
| 5:57 | Queue | Villager (Male) |
| 5:57 | Queue | Villager (Male) |
| 5:57 | Queue | Villager (Male) |
| 5:58 | Queue | Villager (Male) |
| 7:18 | Queue | Villager (Male) |
| 7:37 | Build | Palisade Wall |
| 7:46 | Queue | Villager (Male) |
| 7:46 | Queue | Villager (Male) |
| 8:17 | Build | House |
| 8:25 | Build | Mining Camp |
| 8:34 | Build | Mill |
| 9:09 | Build | House |
| 9:11 | Queue | Villager (Male) |
| 9:25 | Research | Feudal Age |
| 10:19 | Queue | Villager (Male) |
| 10:19 | Queue | Villager (Male) |
| 11:28 | Build | Farm |
| 11:38 | Age | Feudal Age |
| 11:41 | Build | Blacksmith |
| 11:46 | Build | Market |
| 12:04 | Build | Market |
| 12:07 | Queue | Villager (Male) |
| 12:27 | Build | Farm |
| 12:48 | Research | Castle Age |
| 12:51 | Build | Farm |
| 12:54 | Research | Double-Bit Axe |
| 13:14 | Research | Horse Collar |
| 13:40 | Build | House |
| 13:45 | Queue | Trade Cart |
| 14:20 | Queue | Villager (Male) |
| 14:55 | Build | House |
| 15:13 | Age | Castle Age |
| 15:20 | Build | Town Center |
| 15:23 | Queue | Villager (Male) |
| 15:23 | Queue | Villager (Male) |
| 15:27 | Build | House |
| 15:48 | Build | Town Center |
| 16:02 | Build | House |
| 16:04 | Queue | Villager (Male) |
| 16:30 | Queue | Trade Cart |
| 16:31 | Queue | Villager (Male) |
| 16:32 | Queue | Villager (Male) |
| 16:32 | Queue | Villager (Male) |
| 16:40 | Build | House |
| 16:42 | Queue | Villager (Male) |
| 16:47 | Research | Bow Saw |
| 16:51 | Research | Heavy Plow |
| 17:09 | Queue | Villager (Male) |
| 17:11 | Build | House |
| 17:12 | Build | House |
| 17:15 | Queue | Villager (Male) |
| 17:21 | Build | Farm |
| 17:25 | Build | Farm |
| 17:27 | Build | Farm |
| 17:39 | Build | Farm |
| 17:43 | Build | Farm |
| 17:47 | Build | Farm |
| 17:56 | Queue | Villager (Male) |
| 17:56 | Queue | Villager (Male) |
| 17:59 | Build | Farm |
| 18:08 | Build | Farm |
| 18:10 | Queue | Villager (Male) |
| 18:17 | Build | House |
| 18:19 | Build | House |
| 18:23 | Build | Farm |
| 18:26 | Build | Farm |
| 18:31 | Build | Farm |
| 18:44 | Queue | Villager (Male) |
| 18:45 | Queue | Villager (Male) |
| 18:45 | Queue | Villager (Male) |
| 18:50 | Build | Farm |
| 18:59 | Queue | Trade Cart |
| 19:02 | Queue | Villager (Male) |
| 19:09 | Build | Farm |
| 19:10 | Build | Farm |
| 19:12 | Queue | Villager (Male) |
| 19:20 | Build | House |
| 19:22 | Build | House |
| 19:26 | Queue | Villager (Male) |
| 19:27 | Queue | Villager (Male) |
| 19:40 | Queue | Villager (Male) |
| 19:48 | Build | Monastery |
| 19:51 | Queue | Villager (Male) |
| 19:53 | Queue | Villager (Male) |
| 20:09 | Queue | Villager (Male) |
| 20:13 | Build | Farm |
| 20:15 | Build | Farm |
| 20:17 | Queue | Villager (Male) |
| 20:20 | Build | House |
| 20:21 | Build | House |
| 20:23 | Queue | Villager (Male) |
| 20:27 | Build | Farm |
| 20:33 | Queue | Villager (Male) |
| 20:36 | Queue | Villager (Male) |
| 20:45 | Queue | Monk |
| 21:01 | Queue | Villager (Male) |
| 21:02 | Queue | Villager (Male) |
| 21:03 | Queue | Villager (Male) |
| 21:22 | Build | House |
| 21:23 | Build | House |
| 21:24 | Queue | Villager (Male) |
| 21:24 | Queue | Villager (Male) |
| 21:25 | Queue | Villager (Male) |
| 21:33 | Build | Farm |
| 21:37 | Build | Farm |
| 21:40 | Build | Farm |
| 21:48 | Build | Farm |
| 21:48 | Build | Farm |
| 21:48 | Build | Farm |
| 21:49 | Build | Farm |
| 21:49 | Build | Farm |
| 21:51 | Queue | Villager (Male) |
| 21:53 | Queue | Villager (Male) |
| 21:53 | Queue | Villager (Male) |
| 21:54 | Queue | Villager (Male) |
| 21:54 | Queue | Villager (Male) |
| 22:12 | Build | Farm |
| 22:14 | Build | Farm |
| 22:16 | Queue | Villager (Male) |
Build order — xGusZx24
First 150 of 513 actions detected
| 0:00 | Queue | Villager (Male) ×4 |
| 0:02 | Build | House |
| 0:03 | Build | House |
| 0:04 | Build | House |
| 1:23 | Queue | Villager (Male) |
| 1:23 | Queue | Villager (Male) |
| 1:43 | Build | Lumber Camp |
| 1:59 | Queue | Villager (Male) |
| 1:59 | Queue | Villager (Male) |
| 2:18 | Queue | Villager (Male) |
| 2:18 | Queue | Villager (Male) |
| 2:52 | Queue | Villager (Male) |
| 2:52 | Queue | Villager (Male) |
| 3:06 | Queue | Villager (Male) |
| 3:06 | Queue | Villager (Male) |
| 3:07 | Queue | Villager (Male) |
| 3:27 | Queue | Villager (Male) |
| 3:27 | Queue | Villager (Male) |
| 3:27 | Queue | Villager (Male) |
| 4:01 | Queue | Villager (Male) |
| 4:01 | Queue | Villager (Male) |
| 4:28 | Queue | Villager (Male) |
| 4:28 | Queue | Villager (Male) |
| 4:29 | Queue | Villager (Male) |
| 4:55 | Build | Mill |
| 4:56 | Queue | Villager (Male) |
| 5:45 | Queue | Villager (Male) |
| 6:10 | Build | House |
| 6:10 | Build | House |
| 6:12 | Queue | Villager (Male) |
| 6:19 | Build | Lumber Camp |
| 6:30 | Queue | Villager (Male) |
| 6:34 | Queue | Villager (Male) |
| 6:49 | Queue | Villager (Male) |
| 7:15 | Queue | Villager (Male) |
| 7:22 | Queue | Villager (Male) |
| 7:35 | Build | Mining Camp |
| 8:16 | Queue | Villager (Male) |
| 9:02 | Research | Feudal Age |
| 9:02 | Research | Feudal Age |
| 9:07 | Build | Mining Camp |
| 9:23 | Build | House |
| 11:20 | Queue | Villager (Male) |
| 11:21 | Age | Feudal Age |
| 11:28 | Build | Market |
| 11:30 | Build | Blacksmith |
| 11:33 | Queue | Villager (Male) |
| 12:24 | Research | Castle Age |
| 13:32 | Research | Double-Bit Axe |
| 13:45 | Build | Farm |
| 13:48 | Build | Farm |
| 13:51 | Build | Farm |
| 13:53 | Research | Horse Collar |
| 13:53 | Research | Horse Collar |
| 15:00 | Queue | Villager (Male) |
| 15:00 | Queue | Villager (Male) |
| 15:04 | Age | Castle Age |
| 15:06 | Build | Town Center |
| 15:13 | Build | Town Center |
| 15:41 | Queue | Villager (Male) |
| 16:00 | Build | Monastery |
| 16:03 | Queue | Villager (Male) |
| 16:21 | Queue | Villager (Male) |
| 16:27 | Queue | Villager (Male) |
| 16:32 | Build | House |
| 16:37 | Queue | Monk |
| 16:43 | Build | House |
| 16:44 | Build | House |
| 16:44 | Build | House |
| 16:46 | Queue | Villager (Male) |
| 16:46 | Queue | Villager (Male) |
| 16:57 | Queue | Villager (Male) |
| 17:08 | Queue | Villager (Male) |
| 17:11 | Build | Farm |
| 17:13 | Build | Farm |
| 17:14 | Build | Farm |
| 17:17 | Build | Farm |
| 17:21 | Build | Farm |
| 17:22 | Queue | Villager (Male) |
| 17:23 | Queue | Villager (Male) |
| 17:23 | Queue | Villager (Male) |
| 17:32 | Build | Castle |
| 17:45 | Research | Fervor |
| 17:46 | Queue | Villager (Male) |
| 17:46 | Queue | Villager (Male) |
| 17:49 | Build | Farm |
| 17:51 | Build | Farm |
| 17:54 | Build | Farm |
| 17:56 | Queue | Villager (Male) |
| 17:56 | Queue | Villager (Male) |
| 18:01 | Build | Farm |
| 18:11 | Build | Farm |
| 18:27 | Queue | Villager (Male) |
| 18:27 | Queue | Villager (Male) |
| 18:27 | Queue | Villager (Male) |
| 18:28 | Queue | Villager (Male) |
| 18:34 | Queue | Villager (Male) |
| 18:45 | Queue | Villager (Male) |
| 18:51 | Build | Farm |
| 18:55 | Build | Farm |
| 19:03 | Build | Barracks |
| 19:03 | Queue | Conquistador |
| 19:08 | Queue | Villager (Male) |
| 19:08 | Queue | Villager (Male) |
| 19:16 | Build | Farm |
| 19:18 | Queue | Villager (Male) |
| 19:18 | Queue | Villager (Male) |
| 19:21 | Build | Farm |
| 19:26 | Queue | Villager (Male) |
| 19:26 | Queue | Villager (Male) |
| 19:33 | Queue | Villager (Male) |
| 19:40 | Queue | Villager (Male) |
| 19:40 | Queue | Villager (Male) |
| 19:45 | Build | Farm |
| 19:50 | Build | Stable |
| 19:52 | Queue | Conquistador |
| 19:56 | Queue | Villager (Male) |
| 19:57 | Queue | Villager (Male) |
| 20:01 | Build | Farm |
| 20:05 | Build | Farm |
| 20:07 | Build | Farm |
| 20:09 | Queue | Villager (Male) |
| 20:09 | Queue | Villager (Male) |
| 20:14 | Queue | Villager (Male) |
| 20:18 | Build | Farm |
| 20:25 | Build | Farm |
| 20:26 | Queue | Villager (Male) |
| 20:26 | Queue | Villager (Male) |
| 20:26 | Queue | Villager (Male) |
| 20:29 | Queue | Villager (Male) |
| 20:49 | Build | Farm |
| 20:52 | Build | Farm |
| 20:54 | Build | Farm |
| 20:59 | Queue | Villager (Male) |
| 20:59 | Queue | Villager (Male) |
| 20:59 | Queue | Villager (Male) |
| 20:59 | Queue | Villager (Male) |
| 21:05 | Build | Farm |
| 21:15 | Research | Bow Saw |
| 21:16 | Research | Bow Saw |
| 21:17 | Queue | Villager (Male) |
| 21:27 | Build | House |
| 21:28 | Build | House |
| 21:38 | Queue | Monk |
| 21:41 | Queue | Villager (Male) |
| 21:41 | Queue | Villager (Male) |
| 21:44 | Build | House |
| 21:45 | Build | House |
| 21:55 | Queue | Villager (Male) |
| 22:08 | Build | Market |
Build order — QuisalanElevas
First 150 of 244 actions detected
| 0:01 | Queue | Villager (Male) |
| 0:01 | Queue | Villager (Male) |
| 0:03 | Build | House |
| 0:07 | Build | House |
| 0:10 | Research | Loom |
| 0:11 | Queue | Villager (Male) |
| 0:11 | Queue | Villager (Male) |
| 0:11 | Queue | Villager (Male) |
| 1:34 | Queue | Villager (Male) |
| 1:34 | Queue | Villager (Male) |
| 2:11 | Queue | Villager (Male) |
| 2:11 | Queue | Villager (Male) |
| 2:13 | Queue | Villager (Male) |
| 2:13 | Queue | Villager (Male) |
| 2:56 | Build | Lumber Camp |
| 3:02 | Queue | Villager (Male) |
| 3:02 | Queue | Villager (Male) |
| 3:09 | Build | House |
| 3:36 | Queue | Villager (Male) |
| 3:36 | Queue | Villager (Male) |
| 3:58 | Queue | Villager (Male) |
| 3:59 | Queue | Villager (Male) |
| 4:23 | Queue | Villager (Male) |
| 4:24 | Queue | Villager (Male) |
| 4:48 | Queue | Villager (Male) |
| 5:13 | Queue | Villager (Male) |
| 5:14 | Queue | Villager (Male) |
| 5:14 | Queue | Villager (Male) |
| 5:43 | Build | House |
| 5:45 | Build | House |
| 6:08 | Build | Mill |
| 6:33 | Queue | Villager (Male) |
| 6:33 | Queue | Villager (Male) |
| 6:40 | Queue | Villager (Male) |
| 6:41 | Queue | Villager (Male) |
| 6:41 | Queue | Villager (Male) |
| 6:41 | Queue | Villager (Male) |
| 6:41 | Queue | Villager (Male) |
| 6:47 | Queue | Villager (Male) |
| 6:48 | Queue | Villager (Male) |
| 7:26 | Queue | Villager (Male) |
| 7:26 | Queue | Villager (Male) |
| 8:00 | Queue | Villager (Male) |
| 8:38 | Build | Barracks |
| 8:40 | Queue | Villager (Male) |
| 8:43 | Build | Mining Camp |
| 9:38 | Research | Feudal Age |
| 10:12 | Build | Lumber Camp |
| 11:41 | Build | House |
| 11:42 | Build | House |
| 11:45 | Queue | Villager (Male) |
| 12:03 | Age | Feudal Age |
| 12:08 | Build | Archery Range |
| 12:27 | Build | Archery Range |
| 12:31 | Queue | Villager (Male) |
| 13:02 | Queue | Villager (Male) |
| 13:05 | Queue | Villager (Male) |
| 13:16 | Build | Blacksmith |
| 13:33 | Queue | Villager (Male) |
| 13:46 | Research | Castle Age |
| 13:49 | Queue | Archer ×3 |
| 13:49 | Queue | Archer ×3 |
| 13:59 | Queue | Archer ×2 |
| 14:00 | Queue | Archer ×2 |
| 14:00 | Queue | Archer ×2 |
| 14:24 | Build | Farm |
| 14:28 | Build | Farm |
| 14:35 | Research | Double-Bit Axe |
| 14:47 | Research | Horse Collar |
| 14:53 | Build | Farm |
| 15:02 | Build | Farm |
| 15:12 | Queue | Archer ×2 |
| 15:13 | Queue | Villager (Male) |
| 15:19 | Build | Farm |
| 15:38 | Build | Farm |
| 15:45 | Build | Farm |
| 16:08 | Queue | Archer ×5 |
| 16:10 | Research | Fletching |
| 16:32 | Queue | Archer |
| 16:32 | Queue | Archer |
| 16:33 | Queue | Villager (Male) |
| 16:38 | Age | Castle Age |
| 16:52 | Research | Wheelbarrow |
| 16:55 | Build | House |
| 16:56 | Build | House |
| 16:57 | Build | House |
| 16:58 | Build | House |
| 17:19 | Build | Farm |
| 17:23 | Research | Heavy Plow |
| 17:23 | Research | Heavy Plow |
| 17:23 | Research | Heavy Plow |
| 17:30 | Queue | Archer ×2 |
| 17:38 | Queue | Villager (Male) |
| 17:45 | Build | Farm |
| 18:05 | Build | House |
| 18:06 | Build | House |
| 18:10 | Queue | Villager (Male) |
| 18:17 | Queue | Villager (Male) |
| 18:41 | Build | University |
| 18:45 | Queue | Villager (Male) |
| 18:56 | Research | Bow Saw |
| 19:15 | Queue | Villager (Male) |
| 19:26 | Queue | Villager (Male) |
| 19:42 | Research | Gold Mining |
| 19:47 | Build | Farm |
| 19:50 | Build | Farm |
| 19:54 | Build | Farm |
| 19:56 | Queue | Villager (Male) |
| 20:31 | Queue | Villager (Male) |
| 20:50 | Build | Siege Workshop |
| 20:54 | Queue | Villager (Male) |
| 20:57 | Build | Farm |
| 21:38 | Research | Crossbowman (upgrade) |
| 21:38 | Queue | Villager (Male) |
| 21:43 | Build | Farm |
| 22:02 | Build | Market |
| 22:20 | Queue | Villager (Male) |
| 22:27 | Build | House |
| 22:28 | Build | House |
| 22:29 | Build | House |
| 22:30 | Build | House |
| 22:31 | Build | House |
| 22:32 | Build | House |
| 22:33 | Build | House |
| 22:34 | Build | House |
| 22:52 | Build | Mining Camp |
| 23:11 | Build | Mining Camp |
| 23:47 | Research | Imperial Age |
| 23:52 | Queue | Villager (Male) |
| 24:12 | Research | Stone Mining |
| 24:51 | Research | Bodkin Arrow |
| 25:08 | Build | Archery Range |
| 25:15 | Build | Archery Range |
| 25:21 | Queue | Villager (Male) |
| 25:28 | Research | Ballistics |
| 25:31 | Research | Padded Archer Armor |
| 25:38 | Build | Farm |
| 25:46 | Queue | Archer ×2 |
| 25:46 | Queue | Archer ×2 |
| 25:49 | Queue | Villager (Male) |
| 25:50 | Queue | Villager (Male) |
| 26:22 | Queue | Archer ×2 |
| 26:23 | Queue | Villager (Male) |
| 26:57 | Age | Imperial Age |
| 27:03 | Build | Mining Camp |
| 27:08 | Build | Castle |
| 27:16 | Research | Thumb Ring |
| 27:17 | Queue | Archer ×5 |
| 27:25 | Queue | Villager (Male) |
| 27:45 | Queue | Archer ×2 |
Build order — Heisenberg
First 150 of 435 actions detected
| 0:01 | Queue | Villager (Male) |
| 0:01 | Queue | Villager (Male) |
| 0:01 | Queue | Villager (Male) |
| 0:04 | Build | House |
| 0:05 | Build | House |
| 0:29 | Queue | Villager (Male) |
| 0:29 | Queue | Villager (Male) |
| 1:25 | Queue | Villager (Male) |
| 1:25 | Queue | Villager (Male) |
| 1:44 | Build | Lumber Camp |
| 2:01 | Queue | Villager (Male) |
| 2:02 | Queue | Villager (Male) |
| 2:16 | Queue | Villager (Male) |
| 2:16 | Queue | Villager (Male) |
| 2:43 | Queue | Villager (Male) |
| 2:44 | Queue | Villager (Male) |
| 3:06 | Queue | Villager (Male) |
| 3:07 | Queue | Villager (Male) |
| 3:16 | Build | House |
| 3:39 | Build | Mill |
| 3:53 | Queue | Villager (Male) |
| 3:54 | Queue | Villager (Male) |
| 4:21 | Queue | Villager (Male) |
| 4:21 | Queue | Villager (Male) |
| 4:55 | Queue | Villager (Male) |
| 4:55 | Queue | Villager (Male) |
| 5:14 | Build | House |
| 5:32 | Queue | Villager (Male) |
| 5:33 | Queue | Villager (Male) |
| 5:49 | Build | Farm |
| 5:57 | Queue | Villager (Male) |
| 6:20 | Queue | Villager (Male) |
| 6:44 | Queue | Villager (Male) |
| 7:06 | Queue | Villager (Male) |
| 7:13 | Build | Mining Camp |
| 7:45 | Queue | Villager (Male) |
| 7:46 | Queue | Villager (Male) |
| 8:13 | Build | Farm |
| 8:26 | Research | Feudal Age |
| 9:04 | Build | House |
| 9:19 | Build | Farm |
| 9:29 | Queue | Villager (Male) |
| 9:29 | Queue | Villager (Male) |
| 10:30 | Age | Feudal Age |
| 10:43 | Build | Market |
| 10:46 | Build | Blacksmith |
| 11:10 | Queue | Villager (Male) |
| 11:36 | Research | Castle Age |
| 11:36 | Research | Castle Age |
| 11:59 | Research | Double-Bit Axe |
| 11:59 | Research | Double-Bit Axe |
| 12:14 | Research | Horse Collar |
| 12:15 | Research | Horse Collar |
| 12:33 | Queue | Villager (Male) |
| 12:34 | Queue | Villager (Male) |
| 12:38 | Build | House |
| 14:04 | Age | Castle Age |
| 14:07 | Build | Town Center |
| 14:31 | Build | Town Center |
| 14:43 | Queue | Villager (Male) |
| 14:44 | Queue | Villager (Male) |
| 14:51 | Research | Bow Saw |
| 14:51 | Research | Bow Saw |
| 15:22 | Build | Farm |
| 15:23 | Queue | Villager (Male) |
| 15:32 | Queue | Villager (Male) |
| 15:32 | Queue | Villager (Male) |
| 15:37 | Build | House |
| 15:41 | Queue | Villager (Male) ×5 |
| 15:48 | Build | Farm |
| 15:53 | Build | Farm |
| 15:59 | Build | Farm |
| 16:08 | Build | House |
| 16:10 | Build | House |
| 16:14 | Build | Farm |
| 16:19 | Queue | Villager (Male) ×5 |
| 16:21 | Build | Farm |
| 16:25 | Build | Farm |
| 16:31 | Build | Farm |
| 16:38 | Build | Farm |
| 16:45 | Build | Farm |
| 16:46 | Build | Farm |
| 16:55 | Build | Farm |
| 16:57 | Queue | Villager (Male) |
| 17:02 | Build | Farm |
| 17:03 | Queue | Villager (Male) |
| 17:04 | Queue | Villager (Male) |
| 17:05 | Build | Farm |
| 17:12 | Build | Farm |
| 17:14 | Queue | Villager (Male) |
| 17:14 | Queue | Villager (Male) |
| 17:16 | Build | Farm |
| 17:23 | Queue | Villager (Male) ×2 |
| 17:26 | Build | Farm |
| 17:30 | Build | Farm |
| 17:32 | Queue | Villager (Male) |
| 17:32 | Queue | Villager (Male) |
| 17:35 | Build | Farm |
| 17:39 | Queue | Villager (Male) |
| 17:39 | Queue | Villager (Male) |
| 17:51 | Build | Farm |
| 17:52 | Queue | Villager (Male) ×2 |
| 17:53 | Queue | Villager (Male) ×2 |
| 17:55 | Build | Farm |
| 18:03 | Queue | Villager (Male) |
| 18:03 | Queue | Villager (Male) |
| 18:04 | Queue | Villager (Male) |
| 18:04 | Queue | Villager (Male) |
| 18:16 | Build | House |
| 18:17 | Build | House |
| 18:19 | Queue | Villager (Male) |
| 18:26 | Build | Town Center |
| 18:33 | Queue | Villager (Male) ×3 |
| 18:33 | Queue | Villager (Male) ×3 |
| 18:38 | Build | Farm |
| 18:45 | Build | Farm |
| 18:49 | Build | Farm |
| 18:50 | Queue | Villager (Male) ×2 |
| 18:50 | Queue | Villager (Male) ×2 |
| 18:59 | Build | Farm |
| 19:11 | Research | Wheelbarrow |
| 19:11 | Research | Wheelbarrow |
| 19:17 | Build | House |
| 19:20 | Queue | Villager (Male) |
| 19:20 | Queue | Villager (Male) |
| 19:26 | Build | Farm |
| 19:30 | Build | Farm |
| 19:30 | Queue | Villager (Male) ×2 |
| 19:34 | Build | Farm |
| 19:36 | Queue | Villager (Male) |
| 19:36 | Queue | Villager (Male) |
| 19:40 | Build | Farm |
| 19:41 | Queue | Villager (Male) |
| 19:46 | Build | Farm |
| 19:56 | Build | Farm |
| 20:01 | Build | Farm |
| 20:04 | Queue | Villager (Male) ×3 |
| 20:11 | Build | House |
| 20:13 | Build | House |
| 20:17 | Research | Heavy Plow |
| 20:17 | Research | Heavy Plow |
| 20:24 | Queue | Villager (Male) |
| 20:24 | Queue | Villager (Male) |
| 20:26 | Build | Farm |
| 20:28 | Queue | Villager (Male) |
| 20:28 | Queue | Villager (Male) |
| 20:33 | Queue | Villager (Male) |
| 20:34 | Queue | Villager (Male) |
| 20:41 | Research | Gold Mining |
| 20:42 | Research | Gold Mining |
Build order — raw0000
First 150 of 513 actions detected
| 0:01 | Queue | Villager (Male) |
| 0:01 | Queue | Villager (Male) |
| 0:01 | Queue | Villager (Male) |
| 0:02 | Queue | Villager (Male) |
| 0:03 | Build | House |
| 0:06 | Build | House |
| 0:25 | Research | Loom |
| 0:26 | Queue | Villager (Male) |
| 0:26 | Queue | Villager (Male) |
| 0:27 | Queue | Villager (Male) |
| 0:27 | Queue | Villager (Male) |
| 0:57 | Build | Palisade Wall |
| 1:51 | Queue | Villager (Male) |
| 2:53 | Queue | Villager (Male) |
| 3:14 | Build | Palisade Wall |
| 3:51 | Queue | Villager (Male) |
| 3:51 | Queue | Villager (Male) |
| 3:51 | Queue | Villager (Male) |
| 4:23 | Build | Lumber Camp |
| 4:24 | Queue | Villager (Male) |
| 4:48 | Queue | Villager (Male) |
| 5:03 | Build | House |
| 5:07 | Build | House |
| 5:17 | Queue | Villager (Male) |
| 6:06 | Queue | Villager (Male) |
| 6:21 | Queue | Villager (Male) |
| 7:17 | Queue | Villager (Male) |
| 7:18 | Queue | Villager (Male) |
| 7:38 | Queue | Villager (Male) |
| 8:18 | Queue | Villager (Male) |
| 8:52 | Queue | Villager (Male) |
| 9:26 | Queue | Villager (Male) |
| 9:35 | Build | Mill |
| 9:37 | Queue | Villager (Male) |
| 10:18 | Research | Feudal Age |
| 10:28 | Build | House |
| 11:15 | Build | Mining Camp |
| 12:11 | Queue | Villager (Male) |
| 12:24 | Queue | Villager (Male) |
| 12:28 | Age | Feudal Age |
| 12:38 | Build | Stone Wall |
| 12:38 | Build | Stone Wall |
| 12:47 | Build | Stone Wall |
| 12:53 | Build | Outpost |
| 12:59 | Build | Outpost |
| 13:08 | Queue | Villager (Male) |
| 13:15 | Build | House |
| 13:22 | Research | Horse Collar |
| 13:23 | Research | Double-Bit Axe |
| 13:40 | Queue | Villager (Male) |
| 13:46 | Build | Farm |
| 13:46 | Build | Farm |
| 13:46 | Build | Farm |
| 13:47 | Build | Farm |
| 13:47 | Build | Farm |
| 13:47 | Build | Farm |
| 13:47 | Build | Farm |
| 13:48 | Build | Farm |
| 14:04 | Build | Stone Wall |
| 14:12 | Build | Stone Wall |
| 14:17 | Queue | Villager (Male) |
| 14:30 | Queue | Villager (Male) |
| 14:48 | Build | Market |
| 14:51 | Queue | Villager (Male) |
| 15:03 | Build | House |
| 15:10 | Build | Farm |
| 15:10 | Build | Farm |
| 15:11 | Build | Farm |
| 15:11 | Build | Farm |
| 15:12 | Build | Farm |
| 15:25 | Queue | Villager (Male) |
| 15:48 | Queue | Villager (Male) |
| 15:53 | Build | Blacksmith |
| 16:02 | Queue | Villager (Male) |
| 16:21 | Build | Mining Camp |
| 16:44 | Research | Castle Age |
| 16:49 | Research | Town Watch |
| 18:17 | Build | Outpost |
| 18:37 | Queue | Villager (Male) |
| 19:27 | Age | Castle Age |
| 19:30 | Build | Town Center |
| 19:36 | Build | Town Center |
| 19:55 | Queue | Villager (Male) |
| 20:09 | Build | Town Center |
| 20:18 | Queue | Villager (Male) |
| 20:29 | Queue | Villager (Male) |
| 20:31 | Queue | Villager (Male) |
| 20:38 | Build | Farm |
| 20:38 | Build | Farm |
| 20:38 | Build | Farm |
| 20:38 | Build | Farm |
| 20:42 | Build | Farm |
| 20:43 | Build | Farm |
| 20:43 | Build | Farm |
| 20:43 | Build | Farm |
| 20:43 | Build | Farm |
| 20:45 | Queue | Villager (Male) |
| 20:45 | Queue | Villager (Male) |
| 20:50 | Queue | Villager (Male) |
| 21:07 | Queue | Villager (Male) |
| 21:09 | Queue | Villager (Male) |
| 21:09 | Queue | Villager (Male) |
| 21:14 | Queue | Villager (Male) |
| 21:26 | Queue | Villager (Male) |
| 21:28 | Queue | Villager (Male) |
| 21:29 | Queue | Villager (Male) |
| 21:38 | Queue | Villager (Male) |
| 21:39 | Queue | Villager (Male) |
| 21:41 | Queue | Villager (Male) |
| 21:48 | Queue | Villager (Male) |
| 21:49 | Queue | Villager (Male) |
| 21:50 | Queue | Villager (Male) |
| 21:50 | Queue | Villager (Male) |
| 21:55 | Queue | Villager (Male) |
| 22:16 | Build | Town Center |
| 22:21 | Queue | Villager (Male) |
| 22:30 | Queue | Villager (Male) |
| 22:56 | Build | Gate |
| 23:01 | Build | Stone Wall |
| 23:03 | Queue | Villager (Male) |
| 23:03 | Queue | Villager (Male) |
| 23:15 | Build | House |
| 23:16 | Build | House |
| 23:20 | Build | House |
| 23:21 | Build | House |
| 23:24 | Build | House |
| 23:25 | Queue | Villager (Male) |
| 23:31 | Queue | Villager (Male) |
| 23:31 | Queue | Villager (Male) |
| 23:35 | Build | House |
| 23:37 | Build | House |
| 23:37 | Build | House |
| 23:37 | Build | House |
| 23:41 | Build | House |
| 23:43 | Build | House |
| 23:44 | Build | House |
| 23:45 | Queue | Villager (Male) |
| 23:52 | Build | Farm |
| 23:52 | Build | Farm |
| 23:52 | Build | Farm |
| 23:52 | Build | Farm |
| 23:56 | Build | Farm |
| 23:58 | Queue | Villager (Male) |
| 24:01 | Build | Mill |
| 24:01 | Build | Farm |
| 24:02 | Build | Farm |
| 24:02 | Build | Farm |
| 24:02 | Build | Farm |
| 24:02 | Build | Farm |
| 24:04 | Queue | Villager (Male) |
Match timeline
| 0:57 | raw0000 · wall_segment Palisade Wall x5 |
| 1:17 | its big brain time · wall_segment Palisade Wall x8 |
| 1:23 | Cicadabubu · wall_segment Palisade Wall x16 |
| 2:06 | its big brain time · wall_segment Palisade Wall x5 |
| 3:14 | raw0000 · wall_segment Palisade Wall x5 |
| 3:39 | its big brain time · wall_segment Palisade Wall x1 |
| 3:42 | its big brain time · wall_segment Palisade Wall x4 |
| 7:37 | fthkzlty · wall_segment Palisade Wall x1 |
| 8:14 | Luis Enrique · first_building Barracks |
| 8:38 | QuisalanElevas · first_building Barracks |
| 9:27 | Cicadabubu · wall_segment Palisade Wall x1 |
| 9:29 | Cicadabubu · wall_segment Palisade Wall x1 |
| 9:29 | Luis Enrique · age_up feudal |
| 9:37 | Cicadabubu · wall_segment Palisade Wall x14 |
| 9:40 | Cicadabubu · wall_segment Palisade Wall x1 |
| 9:52 | Cicadabubu · first_building Barracks |
| 10:15 | Cicadabubu · wall_segment Palisade Wall x1 |
| 10:29 | Cicadabubu · wall_segment Palisade Wall x17 |
| 10:30 | Heisenberg · age_up feudal |
| 11:05 | Cicadabubu · wall_segment Palisade Wall x8 |
| 11:21 | xGusZx24 · age_up feudal |
| 11:26 | Cicadabubu · wall_segment Palisade Wall x1 |
| 11:38 | fthkzlty · age_up feudal |
| 11:54 | Cicadabubu · age_up feudal |
| 11:57 | Cicadabubu · wall_segment Stone Wall x16 |
| 12:03 | QuisalanElevas · age_up feudal |
| 12:08 | QuisalanElevas · first_building Archery Range |
| 12:23 | its big brain time · age_up feudal |
| 12:28 | raw0000 · age_up feudal |
| 12:38 | raw0000 · wall_segment Stone Wall x5 |
| 12:38 | raw0000 · wall_segment Stone Wall x1 |
| 12:47 | raw0000 · wall_segment Stone Wall x5 |
| 13:07 | its big brain time · wall_segment Stone Wall x8 |
| 13:16 | its big brain time · wall_segment Stone Wall x7 |
| 13:24 | its big brain time · first_market_sell 100 food |
| 14:04 | Heisenberg · age_up castle |
| 14:04 | raw0000 · wall_segment Stone Wall x5 |
| 14:12 | raw0000 · wall_segment Stone Wall x7 |
| 15:04 | xGusZx24 · age_up castle |
| 15:13 | fthkzlty · age_up castle |
| 16:00 | xGusZx24 · first_building Monastery |
| 16:05 | its big brain time · age_up castle |
| 16:38 | QuisalanElevas · age_up castle |
| 17:22 | Heisenberg · first_market_buy 100 food |
| 17:32 | xGusZx24 · first_building Castle |
| 17:33 | Luis Enrique · first_market_buy 100 food |
| 18:11 | its big brain time · first_market_buy 100 food |
| 19:03 | xGusZx24 · first_building Barracks |
| 19:27 | raw0000 · age_up castle |
| 19:48 | fthkzlty · first_building Monastery |
| 19:50 | xGusZx24 · first_building Stable |
| 19:51 | Cicadabubu · first_market_sell 100 wood |
| 19:59 | its big brain time · wall_segment Stone Wall x4 |
| 20:02 | its big brain time · wall_segment Stone Wall x8 |
| 20:07 | Cicadabubu · wall_segment Stone Wall x6 |
| 20:10 | its big brain time · wall_segment Stone Wall x13 |
| 20:10 | Cicadabubu · wall_segment Stone Wall x2 |
| 20:12 | its big brain time · wall_segment Stone Wall x8 |
| 20:16 | its big brain time · wall_segment Stone Wall x3 |
| 20:17 | its big brain time · wall_segment Stone Wall x2 |
| 20:26 | Luis Enrique · age_up castle |
| 20:31 | its big brain time · first_building Monastery |
| 20:48 | Cicadabubu · wall_segment Stone Wall x1 |
| 20:50 | QuisalanElevas · first_building Siege Workshop |
| 21:34 | Luis Enrique · first_building Siege Workshop |
| 21:45 | Luis Enrique · first_building Monastery |
| 22:06 | its big brain time · first_building Barracks |
| 22:20 | its big brain time · wall_segment Stone Wall x1 |
| 22:21 | fthkzlty · first_market_buy 100 food |
| 22:43 | Cicadabubu · first_market_buy 100 stone |
| 23:01 | raw0000 · wall_segment Stone Wall x1 |
| 23:08 | Cicadabubu · age_up castle |
| 23:16 | Cicadabubu · first_building Castle |
| 23:18 | Luis Enrique · first_market_sell 100 food |
| 23:31 | fthkzlty · first_building Castle |
| 23:39 | Heisenberg · first_building Monastery |
| 23:50 | its big brain time · first_building Archery Range |
| 24:11 | Cicadabubu · wall_segment Stone Wall x1 |
| 24:13 | Cicadabubu · wall_segment Stone Wall x1 |
| 24:57 | Heisenberg · first_building Barracks |
| 25:02 | its big brain time · first_building Castle |
| 25:19 | fthkzlty · first_building Siege Workshop |
| 25:33 | Heisenberg · first_building Stable |
| 26:06 | Heisenberg · first_building Castle |
| 26:06 | xGusZx24 · first_building Siege Workshop |
| 26:42 | fthkzlty · first_building Barracks |
| 26:42 | raw0000 · first_building Castle |
| 26:48 | QuisalanElevas · first_market_sell 100 wood |
| 26:49 | QuisalanElevas · first_market_buy 100 stone |
| 26:57 | QuisalanElevas · age_up imperial |
| 27:08 | QuisalanElevas · first_building Castle |
| 27:32 | Heisenberg · age_up imperial |
| 27:42 | fthkzlty · first_building Stable |
| 27:59 | fthkzlty · age_up imperial |
| 28:32 | QuisalanElevas · tribute_sent a jugador 1 |
| 28:32 | QuisalanElevas · tribute_sent a jugador 2 |
| 28:32 | QuisalanElevas · tribute_sent a jugador 3 |
| 28:32 | QuisalanElevas · tribute_sent a jugador 4 |
| 28:32 | QuisalanElevas · tribute_sent a jugador 6 |
| 28:32 | QuisalanElevas · tribute_sent a jugador 7 |
| 28:32 | QuisalanElevas · tribute_sent a jugador 8 |
| 28:56 | xGusZx24 · age_up imperial |
| 30:22 | Cicadabubu · wall_segment Stone Wall x1 |
| 30:24 | QuisalanElevas · wall_segment Stone Wall x9 |
| 30:46 | Cicadabubu · age_up imperial |
| 31:01 | QuisalanElevas · wall_segment Stone Wall x4 |
| 31:06 | QuisalanElevas · wall_segment Stone Wall x5 |
| 31:08 | QuisalanElevas · wall_segment Stone Wall x1 |
| 31:10 | QuisalanElevas · wall_segment Stone Wall x1 |
| 31:12 | QuisalanElevas · wall_segment Stone Wall x1 |
| 31:13 | QuisalanElevas · wall_segment Stone Wall x1 |
| 31:15 | Cicadabubu · first_building Siege Workshop |
| 31:47 | Luis Enrique · first_building Castle |
| 32:20 | Luis Enrique · age_up imperial |
| 32:20 | raw0000 · first_building Siege Workshop |
| 32:44 | Heisenberg · first_building Siege Workshop |
| 32:51 | its big brain time · age_up imperial |
| 34:31 | Cicadabubu · wall_segment Stone Wall x2 |
| 34:55 | raw0000 · age_up imperial |
| 34:58 | QuisalanElevas · wall_segment Stone Wall x8 |
| 36:43 | QuisalanElevas · tribute_sent a jugador 1 |
| 36:43 | QuisalanElevas · tribute_sent a jugador 2 |
| 36:43 | QuisalanElevas · tribute_sent a jugador 3 |
| 36:43 | QuisalanElevas · tribute_sent a jugador 4 |
| 36:43 | QuisalanElevas · tribute_sent a jugador 6 |
| 36:43 | QuisalanElevas · tribute_sent a jugador 7 |
| 36:43 | QuisalanElevas · tribute_sent a jugador 8 |
| 37:02 | Cicadabubu · first_building Stable |
| 37:41 | its big brain time · tribute_sent a jugador 1 |
| 37:41 | its big brain time · tribute_sent a jugador 2 |
| 37:41 | its big brain time · tribute_sent a jugador 3 |
| 37:41 | its big brain time · tribute_sent a jugador 4 |
| 37:41 | its big brain time · tribute_sent a jugador 5 |
| 37:41 | its big brain time · tribute_sent a jugador 6 |
| 37:41 | its big brain time · tribute_sent a jugador 8 |
| 38:35 | QuisalanElevas · wall_segment Stone Wall x16 |
| 40:04 | Luis Enrique · resign |
| 40:58 | fthkzlty · wall_segment Stone Wall x1 |
| 41:01 | fthkzlty · wall_segment Stone Wall x1 |
| 41:02 | fthkzlty · wall_segment Stone Wall x1 |
| 41:16 | fthkzlty · wall_segment Stone Wall x1 |
[ AI ANALYSIS · 1 CREDIT ]
What really happened in this match?
Wolo.gg analyzes every decision: build order, eco, micro, common mistakes by bracket. Personalized analysis on WhatsApp or Discord in 30 seconds.
Civ guide
Georgians
Perfil
Jugador #5771724